 Dungeon Crawl Stone Soup version 0.26.1-11-gd32895ea62 (webtiles) character file.

Game seed: 14390909623592409361

38 mankey1987 the Skirmisher (level 3, -8/39 HPs)
             Began as an Ogre Berserker on May 25, 2021.
             Was a Follower of Trog.
             Mangled by a gnoll
             ... wielding a +0 whip
              (9 damage)
             ... on level 2 of the Dungeon.
             The game lasted 00:01:25 (1556 turns).

mankey1987 the Skirmisher (Ogre Berserker)          Turns: 1556, Time: 00:01:26

Health: -8/39      AC:  4    Str: 21    XL:     3   Next: 43%
Magic:  3/3        EV: 10    Int:  8    God:    Trog [*.....]
Gold:   103        SH:  0    Dex:  9    Spells: 2/2 levels left

rFire    . . .     SeeInvis .   a - +0 mace
rCold    . . .     Faith    .   (no shield)
rNeg     . . .     Spirit   .   b - +0 animal skin
rPois    .         Reflect  .   (helmet restricted)
rElec    .         Harm     .   l - +0 cloak (curse)
rCorr    .         Rampage  .   (gloves unavailable)
Will     .....                  (boots unavailable)
Stlth    +.........             (no amulet)
HPRegen  0.13/turn              (no ring)
MPRegen  0.08/turn              (no ring)

@: lethally poisoned (-8 -> -13), berserk cooldown, slowed, very slow
A: large, unfitting armour, tough skin 1
a: Renounce Religion, Berserk


You were on level 2 of the Dungeon.
You worshipped Trog.
Trog was aware of your devotion.
You visited 1 branch of the dungeon, and saw 2 of its levels.

You collected 103 gold pieces.

Inventory:

Hand Weapons
 a - a +0 mace (weapon)
Armour
 b - a +0 animal skin (worn)
 l - a cursed +0 cloak (worn)
Scrolls
 d - a scroll of enchant weapon {unknown}
 g - a scroll of enchant armour {unknown}
 i - a scroll of teleportation {unknown}
 j - 2 scrolls of remove curse {unknown}
 k - a scroll of random uselessness {unknown}
 m - a scroll of amnesia {unknown}
Potions
 c - 2 potions of lignification {unknown}
 e - a potion of haste {unknown}
 f - a potion of brilliance {unknown}
 h - a potion of ambrosia {unknown}


   Skills:
 - Level 4.0 Fighting
 + Level 4.0 Maces & Flails
 - Level 2.6 Dodging


You had 2 spell levels left.
You didn't know any spells.
Your spell library was empty.

Dungeon Overview and Level Annotations

Branches:
Dungeon (2/15)

Altars:


Innate Abilities, Weirdness & Mutations

You are too large for most types of armour.
You have tough skin. (AC +1)


Message History

You kill the adder!
Trog accepts your kill.
* * * LOW HITPOINT WARNING * * *
You feel sick.
Your Maces & Flails skill increases to level 4!
You closely miss the goblin. The goblin hits you but does no damage.
You hit the goblin.
You kill the goblin!
Trog accepts your kill.
* * * LOW HITPOINT WARNING * * *
You feel sick.
You closely miss the gnoll.
You are no longer berserk.
You are exhausted.
You feel yourself slow down.
You closely miss the gnoll.
* * * LOW HITPOINT WARNING * * *
You feel sick. The gnoll barely misses you. x2
The gnoll hits you with a +0 whip!
You die...

.# ......?...)...##.#.#
.######...###....g.g.....#
..........# #.###........#
#...##....# #.# #####.#.##
..#†.....# #.# ##..#b..
.##.)#.### #g# ##..## #<.#
###....# #g# #..## ..#
.......# #.####g## .#
.##..### #@gg# # ###..#
#g### # ##.# #.# .# #.# ##
#.# ..# ###


You could see 3 gnolls and a hobgoblin.

Vanquished Creatures
  An adder (D:2)
  2 dart slugs
  2 leopard geckos
  4 bats
  A giant cockroach (D:1)
  5 goblins
  A ball python (D:1)
  2 frilled lizards
  4 kobolds
  4 rats
26 creatures vanquished.

Notes
Turn   | Place    | Note
-------+----------+-------------------------------------------
     0 | D:1      | mankey1987 the Ogre Berserker began the quest for the Orb.
     0 | D:1      | Reached XP level 1. HP: 24/24 MP: 1/1
   550 | D:1      | Reached XP level 2. HP: 32/32 MP: 2/2
  1396 | D:2      | Found a faded altar of an unknown god.
  1446 | D:2      | Reached XP level 3. HP: 30/39 MP: 3/3
  1554 | D:2      | HP: 2/58 [poisoned by an adder]
  1556 | D:2      | Mangled by a gnoll

Illustrated notes

Levels and vault maps discovered:
D:1:      zelgadis_glass_arrival_small, layout_basic
D:2:      layout_rooms, chequers_ecumenical_altar_island

Skill      XL: |  1  2  3 |
---------------+----------+-----
Maces & Flails | 3 4 |  4.0
Fighting       | |  4.0
Dodging        | |  2.6

Action                   || total
-------------------------++-------
Melee: Mace              ||    84
Invok: Berserk           ||     1
Armor: Animal skin       ||    36
Dodge: Dodged            ||    59
